 Dungeon Crawl Stone Soup version 0.21.1-1-g345015f (webtiles) character file.

348 diana the Cudgeler (level 6, 0/44 HPs)
             Began as a Demonspawn Gladiator on May 27, 2018.
             Was an Initiate of Cheibriados.
             Slain by an iguana (6 damage)
             ... on level 4 of the Dungeon.
             The game lasted 00:10:17 (5159 turns).

diana the Cudgeler (Demonspawn Gladiator)           Turns: 5159, Time: 00:10:18

Health: 0/44       AC:  5    Str: 15    XL:     6   Next: 33%
Magic:  0/6        EV: 13    Int: 11    God:    Cheibriados [......]
Gold:   227        SH:  0    Dex: 17    Spells: 5/5 levels left

rFire    . . .     SeeInvis .   a - +0 flail
rCold    . . .     Gourm    .   (no shield)
rNeg     . . .     Faith    .   b - +0 leather armour
rPois    .         Spirit   +   (helmet restricted)
rElec    .         Reflect  .   (no cloak)
rCorr    .         Harm     .   (no gloves)
MR       +....     Rnd*Tele +   s - +1 pair of boots
Stlth    +.........             (no amulet)
HPRegen  0.14/turn              o - ring of protection from magic
MPRegen  0.10/turn              v - ring of teleportation (curse)

@: very slow
A: antennae 1, magic shield
a: Bend Time, Renounce Religion


You were on level 4 of the Dungeon.
You worshipped Cheibriados.
Cheibriados was noncommittal.
You were not hungry.

You visited 2 branches of the dungeon, and saw 7 of its levels.

You collected 227 gold pieces.

Inventory:

Hand Weapons
 a - a +0 flail (weapon)
Missiles
 d - 3 throwing nets (quivered)
Armour
 b - a +0 leather armour (worn)
 c - a +0 helmet
 s - a +1 pair of boots (worn)
Jewellery
 o - a ring of protection from magic (left hand)
 v - a cursed ring of teleportation (right hand)
Scrolls
 e - 5 scrolls of identify {unknown}
 j - 2 scrolls of fear {unknown}
 l - 4 scrolls of remove curse {unknown}
 m - 2 scrolls of teleportation {unknown}
 p - a scroll of immolation {unknown}
 q - a scroll of blinking {unknown}
 r - a scroll of enchant armour {unknown}
 u - 2 scrolls of noise {unknown}
 w - a scroll of enchant weapon {unknown}
 y - a scroll of magic mapping {unknown}
Potions
 g - a potion of brilliance {unknown}
 h - 2 potions of might {unknown}
 i - a potion of heal wounds {unknown}
 k - a potion of curing {unknown}
 n - a potion of resistance {unknown}
 x - a potion of lignification {unknown}
Books
 t - a book of Changes

   Spells                             Type                      Level
   a - Beastly Appendage              Transmutation                1
   b - Sticks to Snakes               Transmutation                2
   c - Spider Form                    Transmutation/Poison         3
   d - Ice Form                       Ice/Transmutation            4
   e - Blade Hands                    Transmutation                5
Comestibles
 f - 6 rations


   Skills:
 - Level 2.1 Fighting
 + Level 6.3 Maces & Flails
 - Level 2.0 Throwing
 - Level 0.3 Armour
 - Level 2.9 Dodging


You had 5 spell levels left.
You didn't know any spells.

Dungeon Overview and Level Annotations

Branches:
Dungeon (6/15)             Temple (1/1) D:5

Altars:
Ashenzari
Cheibriados
Dithmenos
Elyvilon
Fedhas
Gozag
Hepliaklqana
Kikubaaqudgha
Nemelex Xobeh
Okawaru
Qazlal
Ru
Trog
Uskayaw
Wu Jian
Xom
Yredelemnul
Zin
The Shining One

Annotations:
D:4 kae's ghost, amateur OpTm
D:5 kae's ghost, novice OpTm


Innate Abilities, Weirdness & Mutations

You have a pair of small antennae on your head.
When hurt, damage is shared between your health and your magic reserves.


Message History

The iguana is lightly wounded.
The iguana misses you.
You hit the iguana.
The iguana is moderately wounded.
The iguana closely misses you.
You hit the iguana but do no damage.
The iguana is moderately wounded.
The iguana bites you.
You thump the iguana!
The iguana is severely wounded.
The iguana bites you.
You barely miss the iguana.
The iguana is severely wounded.
The iguana bites you!
* * * LOW HITPOINT WARNING * * *
You closely miss the iguana.
The iguana is severely wounded.
The iguana barely misses you. The iguana bites you!
You die...

#................#...#.....#
#................#...#.....#
#................#...#.....#
#................#'###.....#
###############............#
#......#......#............#
......#.......⌠.⌠(........#
.....#........_..........# #..#
..##@#⌠.⌠.........#
..####..#######l##.#########...
..............'..>..+ ...
..............#.....# ..
../...........#.....#
..##.####.....##...## . ##
##'#####.(.# #... ....# #....
.....'


You could see an iguana.

Vanquished Creatures
  A hound (D:4)
  2 orc wizards
  3 worker ants
  4 gnolls
  6 adders
  An ooze (D:3)
  A worm (D:5)
  2 dart slugs
  6 leopard geckos
  9 orcs
  3 bats
  4 giant cockroaches
  10 goblins
  7 hobgoblins
  4 jackals (D:1)
  4 frilled lizards
  5 kobolds
  6 rats
78 creatures vanquished.

Notes
Turn   | Place    | Note
-------+----------+-------------------------------------------
     0 | D:1      | diana the Demonspawn Gladiator began the quest for the Orb.
     0 | D:1      | Reached XP level 1. HP: 16/16 MP: 1/1
   108 | D:1      | Reached skill level 3 in Maces & Flails
   108 | D:1      | Gained mutation: When hurt, damage is shared between your health and your magic reserves. [demonic ancestry]
   108 | D:1      | Reached XP level 2. HP: 17/22 MP: 2/2
   783 | D:1      | Reached XP level 3. HP: 22/27 MP: 3/3
  1005 | D:2      | Found a faded altar of an unknown god.
  1566 | D:2      | Reached skill level 4 in Maces & Flails
  1705 | D:2      | Reached XP level 4. HP: 22/33 MP: 4/4
  2462 | D:3      | Reached XP level 5. HP: 18/38 MP: 3/5
  2502 | D:2      | Reached skill level 5 in Maces & Flails
  3638 | D:4      | Found a sparkling altar of Nemelex Xobeh.
  3685 | D:4      | Noticed kae's ghost (amateur OpTm)
  3918 | D:4      | Reached skill level 6 in Maces & Flails
  3918 | D:4      | Gained mutation: You have a pair of small antennae on your head. [demonic ancestry]
  3918 | D:4      | Reached XP level 6. HP: 23/44 MP: 2/6
  3965 | D:5      | Entered Level 5 of the Dungeon
  3987 | D:5      | HP: 2/44 [poisoned by a worker ant]
  4174 | D:5      | Found a glowing golden altar of the Shining One.
  4435 | D:5      | Found a staircase to the Ecumenical Temple.
  4443 | D:5      | Noticed kae's ghost (novice OpTm)
  4444 | Temple   | Entered the Ecumenical Temple
  4635 | Temple   | Became a worshipper of Cheibriados the Contemplative
  5159 | D:4      | Slain by an iguana

Skill      XL: |  1  2  3  4  5 |
---------------+----------------+-----
Throwing       | 2 |  2.0
Maces & Flails | 3 4 6 |  6.3
Fighting       | |  2.1
Armour         | |  0.3
Dodging        | |  2.9

Action                   |  1- 3 |  4- 6 || total
-------------------------+-------+-------++-------
Melee: Flail             |   139 |   179 ||   318
Throw: Throwing net      |       |     1 ||     1
 Stab: Sleeping          |     2 |       ||     2
  Eat: Chunk             |     2 |     9 ||    11
       Ration            |       |     1 ||     1
Armor: Leather armour    |    40 |    49 ||    89
Dodge: Dodged            |   109 |   120 ||   229
